 Dungeon Crawl Stone Soup version 0.28.0-53-g5a82cb258f (webtiles) character file.

Game seed: 4760982918648906958

338985 buhh the Warrior (level 22, -9/171 HPs)
             Began as a Formicid Hunter on June 20, 2022.
             Was a High Priest of Hepliaklqana.
             Killed from afar by a deep elf sorcerer (13 damage)
             ... with a bolt of acid
             ... on level 3 of the Elven Halls on June 21, 2022.
             The game lasted 03:22:22 (78883 turns).

buhh the Warrior (Formicid Hunter)                 Turns: 78883, Time: 03:22:22

Health: -9/171     AC: 11    Str: 18    XL:     22   Next: 94%
Magic:  18/29      EV: 14    Int: 11    God:    Hepliaklqana [*****.]
Gold:   2293       SH:  5    Dex: 33    Spells: 19/31 levels left

rFire   + . .      SeeInvis +   O - +6 hand crossbow "Pucre" {speed, +Blink rF+ Str-3}
rCold   + + +      Faith    .   (no shield)
rNeg    + . .      Spirit   .   E - +4 skin of Zhor {*Englaciate rC+++ SInv}
rPois   +          Reflect  +   (helmet unavailable)
rElec   +          Harm     .   h - +1 cloak of Polish {*Slow Will+ Dex+4 SInv}
rCorr   +          Rampage  .   R - +0 pair of gloves of Dishonesty {Int-3 Dex+3 Stlth+}
Will    +++..                   A - +2 pair of boots
Stlth   +++++.....              I - amulet of reflection
HPRegen 0.38/turn               q - ring of the Final Decision {rPois rCorr Dex+3 SInv}
MPRegen 0.21/turn               j - ring "Juxyfal" {rElec rN+ rCorr Str+2 Dex+6}

@: corroded
A: reduced essence, permanent stasis, dig shafts and tunnels, antennae 3, four
strong arms
}: 2/15 runes: serpentine, barnacled
a: Dig, Shaft Self, Renounce Religion, Recall Ancestor, Ancestor Identity,
Transference, Idealise


You were on level 3 of the Elven Halls.
You worshipped Hepliaklqana.
Hepliaklqana was extremely pleased with you.
You visited 8 branches of the dungeon, and saw 39 of its levels.
You also visited: Ossuary, Ice Cave, Volcano and Wizlab.

You collected 4280 gold pieces.
You spent 1987 gold pieces at shops.

Inventory:

Hand Weapons
 b - the +8 woodcutter's axe {vorpal}
   (You found it on level 6 of the Dungeon)

   It inflicts extra damage upon your enemies.
 O - the +6 hand crossbow "Pucre" (weapon) {speed, +Blink rF+ Str-3}
   (You bought it in a shop on level 4 of the Vaults)

   Attacks with this weapon are significantly faster.
   Str:       It affects your strength (-3).
   rF:        It protects you from fire.
   +Blink:    It lets you blink.
Missiles
 d - 962 bolts (quivered ammo)
 i - 8 throwing nets {!f}
 m - 8 silver boomerangs
 o - 15 silver javelins
Armour
 h - the +1 cloak of Polish (worn) {*Slow Will+ Dex+4 SInv}
   (You found it in an ice cave)

   Dex:       It affects your dexterity (+4).
   SInv:      It lets you see invisible.
   *Slow:     It may slow you when you take damage.
   Will:      It increases your willpower.
 A - a +2 pair of boots (worn)
 C - a +0 crystal plate armour
 E - the +4 skin of Zhor (worn) {*Englaciate rC+++ SInv}
   (You found it in an ice cave)

   It radiates cold, occasionally slowing all nearby creatures who are not
   resistant to cold.
   rC:        It renders you almost immune to cold.
   SInv:      It lets you see invisible.
 R - the +0 pair of gloves of Dishonesty (worn) {Int-3 Dex+3 Stlth+}
   (You found it in a volcano)

   Int:       It affects your intelligence (-3).
   Dex:       It affects your dexterity (+3).
   Stlth:     It makes you more stealthy.
Jewellery
 a - the ring of Nullaply {rElec AC+4 Str+3}
   (You acquired it on level 15 of the Dungeon)

   [ring of protection]

   AC:        It affects your AC (+4).
   Str:       It affects your strength (+3).
   rElec:     It insulates you from electricity.
 j - the ring "Juxyfal" (right hand) {rElec rN+ rCorr Str+2 Dex+6}
   (You found it in a wizard's laboratory)

   [ring of dexterity]

   Str:       It affects your strength (+2).
   Dex:       It affects your dexterity (+6).
   rElec:     It insulates you from electricity.
   rN:        It protects you from negative energy.
   rCorr:     It protects you from acid and corrosion.
 p - a +4 ring of slaying
 q - the ring of the Final Decision (left hand) {rPois rCorr Dex+3 SInv}
   (You found it on level 6 of the Lair of Beasts)

   [ring of poison resistance]

   Dex:       It affects your dexterity (+3).
   rPois:     It protects you from poison.
   SInv:      It lets you see invisible.
   rCorr:     It protects you from acid and corrosion.
 r - a ring of willpower
 w - a ring of protection from fire
 I - an amulet of reflection (around neck)
 W - an amulet of the acrobat
 Z - the amulet of Zybasezi {Regen+ Dex+3}
   (You acquired it on level 1 of the Shoals)

   [amulet of regeneration]

   Dex:       It affects your dexterity (+3).
   Regen:     It increases your rate of health regeneration.
Wands
 n - a wand of flame (69)
 t - a wand of mindburst (21)
 v - a wand of charming (3)
 y - a wand of polymorph (16)
 D - a wand of acid (7)
 F - a wand of iceblast (30)
 G - a wand of paralysis (4)
Scrolls
 c - 2 scrolls of fear {!r}
 g - 17 scrolls of identify {!d}
 s - 2 scrolls of summoning
 u - a scroll of silence {!r}
 P - 6 scrolls of magic mapping {!r!d}
 Q - 5 scrolls of fog
 T - 5 scrolls of immolation {!d}
 X - 10 scrolls of amnesia
 Y - a scroll of holy word {!r!d}
Potions
 f - 5 potions of might
 k - 4 potions of flight
 l - 6 potions of lignification {!d}
 x - 7 potions of attraction
 B - 3 potions of ambrosia {!q!d}
 H - a potion of invisibility {!q!d}
 J - 5 potions of magic {!q!d}
 K - 10 potions of brilliance {!q!d}
 L - 4 potions of resistance {!q!d}
 N - a potion of curing {!q!d}
 U - 20 potions of mutation {!d}
 V - 2 potions of cancellation {!q!d}
Miscellaneous
 e - a box of beasts
 z - a phial of floods
 S - a phantom mirror


   Skills:
 - Level 20.0 Fighting
 - Level 19.1 Crossbows
 - Level 14.0 Armour
 - Level 2.0 Dodging
 - Level 4.0 Stealth
 - Level 10.0 Shields
 - Level 0.3 Unarmed Combat
 - Level 5.0 Spellcasting
 - Level 16.0 Necromancy
 * Level 14.1 Transmutations
 - Level 15.0 Earth Magic
 - Level 3.0 Poison Magic
 - Level 6.0 Invocations
 - Level 6.2 Evocations


You had 19 spell levels left.
You knew the following spells:

 Your Spells              Type           Power      Damage    Failure   Level
a - Sting                 Tmut/Pois      84%        1d7       1%          1
b - Statue Form           Tmut/Erth      22%        N/A       9%          6
z - Borgnjor's Vile Clut  Necr/Erth      18%        N/A       1%          5

Your spell library contained the following spells:

 Spells                   Type           Power      Damage    Failure   Level
 Animate Skeleton         Necr           76%        N/A       1%          1
 Pain                     Necr           100%       1d9       1%          1
 Corpse Rot               Necr/Air       40%        N/A       1%          2
 Spider Form              Tmut/Pois      21%        N/A       1%          3
 Vampiric Draining        Necr           38%        2d8       1%          3
 Petrify                  Tmut/Erth      34%        N/A       1%          4
 Blade Hands              Tmut           16%        N/A       1%          5
 Excruciating Wounds      Necr           19%        N/A       1%          5
 Ice Form                 Ice/Tmut       18%        N/A       12%         4
 Poisonous Vapours        Pois/Air       12%        N/A       17%         2
 Alistair's Intoxication  Tmut/Pois      14%        N/A       19%         5
 Apportation              Tloc           4%         N/A       22%         1
 Freeze                   Ice            8%         1d3       22%         1
 Shock                    Conj/Air       8%         1d3       22%         1
 Summon Small Mammal      Summ           8%         N/A       22%         1
 Scorch                   Fire           4%         2d5       32%         2
 Irradiate                Conj/Tmut      9%         3d17      32%         5
 Dragon Form              Tmut           16%        N/A       50%         7
 Olgreb's Toxic Radiance  Pois           9%         N/A       52%         4
 Call Canine Familiar     Summ           2%         N/A       54%         3
 Frozen Ramparts          Ice            4%         1d2       54%         3
 Gell's Gravitas          Tloc           2%         N/A       54%         3
 Portal Projectile        Hex/Tloc       4%         N/A       54%         3
 Summon Guardian Golem    Hex/Summ       2%         N/A       54%         3
 Teleport Other           Tloc           2%         N/A       54%         3
 Eringya's Noxious Bog    Tmut/Pois      10%        N/A       69%         6
 Iron Shot                Conj/Erth      9%         9d3       83%         6
 Borgnjor's Revivificati  Necr           19%        N/A       89%         8
 Airstrike                Air            1%         N/A       91%         4
 Flame Wave               Conj/Fire      2%         2d4       91%         4
 Hailstorm                Conj/Ice       2%         3d3       91%         4
 Summon Ice Beast         Ice/Summ       2%         N/A       91%         4
 Necromutation            Tmut/Necr      17%        N/A       96%         8
 Fireball                 Conj/Fire      1%         3d3       99%         5
 Iskenderun's Battlesphe  Conj           2%         2d6       99%         5
 Metabolic Englaciation   Hex/Ice        1%         N/A       99%         5
 Summon Forest            Summ/Tloc      1%         N/A       99%         5
 Conjure Ball Lightning   Conj/Air       1%         3x3d6     100%        6
 Dispersal                Tloc           1%         N/A       100%        6
 Starburst                Conj/Fire      1%         6d3       100%        6
 Summon Cactus Giant      Summ           1%         N/A       100%        6
 Monstrous Menagerie      Summ           1%         N/A       100%        7
 Spellforged Servitor     Conj/Summ      1%         N/A       100%        7
 Discord                  Hex            1%         N/A       100%        8
 Disjunction              Tloc           1%         N/A       100%        8
 Ignition                 Fire           1%         3d3       100%        8
 Chain Lightning          Conj/Air       1%         3d1       100%        9
 Death's Door             Necr           19%        N/A       100%        9
 Fire Storm               Conj/Fire      1%         7d1       100%        9
 Shatter                  Erth           17%        3d16*     100%        9
 Swiftness                Air            Unusable   N/A       N/A         3

Dungeon Overview and Level Annotations

Branches:
Dungeon (15/15)            Temple (1/1) D:4            Lair (6/6) D:10
 Shoals (4/4) Lair:4        Snake (4/4) Lair:2        Slime (0/5) Lair:5
    Orc (2/2) D:12            Elf (3/3) Orc:2        Vaults (4/5) D:14
  Crypt (0/3) Vaults:2     Depths (0/4) D:15        Ossuary (visited)
  IceCv (visited)         Volcano (visited)          WizLab (visited)

Altars:
Ashenzari
Cheibriados
Dithmenos
Elyvilon
Fedhas
Gozag
Hepliaklqana
Kikubaaqudgha
Makhleb
Nemelex Xobeh
Okawaru
Qazlal
Ru
Sif Muna
Trog
Uskayaw
Vehumet
Wu Jian
Xom
Yredelemnul
Zin
The Shining One
Beogh

Shops:
D:7 ?   D:9 *   Orc:1 *   Orc:2 *[=(   Elf:1 =   Elf:2 (   Shoals:4 :
Snake:2 *!!   Snake:3 =   Vaults:4 (

Portals:
Trove: Vaults:4 (give +2 shadow dragon scales)

Annotations:
D:4 1 runed translucent door, cruzton's ghost, amateur HuBe
D:6 exclusions: ogre and sensed monster (detected)
D:14 Roxanne
D:15 2 transporters, Valamore's ghost, adept DECj
Lair:3 exclusion: oklob plant
Elf:2 5 runed translucent doors, exclusion: 5 doors
Vaults:4 3 runed translucent doors, exclusions: 3 doors and obsidian statue, Ukiefoc's ghost, adept DrFE


Innate Abilities, Weirdness & Mutations

Your life essence is reduced to manifest your ancestor. (-10% HP)
You cannot be hasted, slowed, berserked, paralysed or teleported.
You can dig through walls and to a lower floor.
You have a pair of large antennae on your head. (SInv)
Your four strong arms can wield two-handed weapons with a shield.


Message History

The deep elf sorcerer resists with almost no effort.
You radiate an aura of cold.
Your deep elf zephyrmancer resists.
The deep elf sorcerer resists.
The deep elf sorcerer points at you and mumbles some strange words.
The bolt of acid hits you! You resist.
* * * LOW HITPOINT WARNING * * *
The acid corrodes you!
The bolt of acid hits your deep elf zephyrmancer!!!
Really read
c - 3 scrolls of fear {!r}?
As you read the scroll of fear {!r}, it crumbles to dust.
You assume a fearsome visage.
The deep elf sorcerer easily resists.
Okay, then.
As you read the scroll of summoning, it crumbles to dust.
Wisps of shadow whirl around you...
The deep elf sorcerer hits your +0 vorpal trident with a +2 dagger of speed.
The deep elf sorcerer hits your +0 vorpal trident with a +2 dagger of speed!
You retract your mandibles.
You swap places.
Your deep elf zephyrmancer is no longer moving slowly.
The deep elf sorcerer barely misses your +0 vorpal trident.
Your +0 vorpal trident closely misses the deep elf sorcerer.
The deep elf sorcerer hits your +0 vorpal trident with a +2 dagger of speed!
Your deep elf zephyrmancer casts a spell.
Your deep elf zephyrmancer blinks!
You swap places.
You radiate an aura of cold.
Your +5 dire flail of protection is unaffected.
Your +0 vorpal trident is unaffected.
The deep elf sorcerer resists. x2
The deep elf sorcerer hits your +0 vorpal trident but does no damage.
Your +0 vorpal trident hits the deep elf sorcerer!
The deep elf sorcerer hits your +0 vorpal trident with a +2 dagger of speed.
Your +0 vorpal trident hits the deep elf sorcerer!
The deep elf sorcerer gestures at you while chanting.
The bolt of acid hits your +0 vorpal trident!!!
The acid corrodes your +0 vorpal trident!
Your +0 vorpal trident is destroyed!
Your +0 vorpal trident dissolves into shadows!
The bolt of acid hits your +5 dire flail of protection but does no damage.
The bolt of acid hits you! You resist.
You die...

.#.#.)###.# ##(## ......#
#.# #.e# #.....# #.# ####{.#
####### #.# #{#{[ยง# ###'##
#{{{{## ##....## #{{.##
##......## #E..# #
##........############..#
####............@..(.e.e.e##
...'..........#############
####..........#
####..........#
...#..........#######
..............'.....##
.............######..#
.)......)...## #..#
....#......## #..#


You could see 2 deep elf sorcerers and a friendly +5 dire flail of protection
(summoned).

Vanquished Creatures
  Saint Roka (Snake:3)
  Bai Suzhen (Snake:3)
  A mutant beast (WizLab)
  A deep elf blademaster (Elf:3)
  A kraken (Shoals:1)
  Polyphemus (Shoals:2)
  3 nagarajas (Snake:2)
  A deep elf sorcerer (Elf:3)
  2 orc warlords
  6 vault wardens
  7 ironbound preservers
  6 very ugly things
  A ghoul (Vaults:2)
  3 ironbound thunderhulks
  A stone giant (Vaults:1)
  A vampire knight (Vaults:2)
  3 deep elf demonologists (Elf:1)
  7 dire elephants
  2 ettins
  2 merfolk javelineers
  5 merfolk impalers
  2 fire dragons
  Josephine (D:12)
  6 yaktaur captains
  4 boulder beetles
  3 great orbs of eyes
  A deep elf high priest (Elf:1)
  2 rakshasas (D:15)
  10 naga warriors
  9 hydras
  3 salamander tyrants (Snake:4)
  7 ironbound frosthearts
  An anaconda (Snake:1)
  7 centaur warriors
  2 alligator snapping turtles
  2 merfolk avatars
  2 merfolk aquamancers
  2 two-headed ogres
  4 dancing weapons
  6 death yaks
  2 tengu warriors (D:15)
  A naga sharpshooter (Snake:3)
  Nergalle (D:12)
  3 salamander mystics
  3 deep elf knights
  3 fire crabs (shapeshifter) (WizLab)
  19 deep trolls
  9 sea snakes
  An orb spider (shapeshifter) (D:15)
  A swamp dragon (shapeshifter) (WizLab)
  3 deep elf archers
  7 lindwurms
  9 wizards
  8 ironbound convokers
  A glowing orange brain (shapeshifter) (Vaults:1)
  11 harpies
  18 deep elf pyromancers
  A tengu zombie (Vaults:2)
  2 orc sorcerers (Orc:2)
  4 orc knights
  4 necromancers
  3 salamanders
  2 fauns
  16 deep elf zephyrmancers
  3 cyclopes
  2 mana vipers
  6 manticores
  2 merfolk sirens
  6 elephants
  An ice statue (IceCv)
  29 ugly things
  A salamander (shapeshifter) (WizLab)
  2 guardian serpents
  10 black mambas
  6 water nymphs
  10 vault sentinels
  4 molten gargoyles
  A naga mage (Snake:1)
  7 cane toads
  A gargoyle (D:12)
  An elf zombie (Vaults:2)
  27 yaktaurs
  An efreet (Volcano)
  A tengu conjurer (D:15)
  An entropy weaver simulacrum (IceCv)
  An elf (WizLab)
  4 komodo dragons
  A freezing wraith (Vaults:2)
  A troll (D:13)
  A yaktaur skeleton (Vaults:1)
  2 queen bees (shapeshifter) (WizLab)
  2 hornets (D:8)
  A wind drake (shapeshifter) (WizLab)
  A polar bear (shapeshifter) (WizLab)
  13 merfolk
  3 polar bears
  4 wind drakes
  A tarantella (shapeshifter) (WizLab)
  11 blink frogs
  A meliai zombie (D:11)
  15 slime creatures
  3 snapping turtles
  2 air elementals (Elf:1)
  A shadow (D:10)
  5 wraiths
  5 small abominations (WizLab)
  5 water elementals
  2 spriggans (shapeshifter)
  A dire elephant simulacrum (IceCv)
  32 yaks
  3 fire elementals
  A golden eye (shapeshifter) (WizLab)
  2 wyverns
  A human (shapeshifter) (D:14)
  2 basilisks (shapeshifter) (WizLab)
  7 basilisks
  A human (WizLab)
  2 death yak simulacra (IceCv)
  2 steam dragons (D:8)
  8 vampire mosquitoes
  6 large abominations (WizLab)
  9 nagas
  A hell hound (Lair:6)
  An acid dragon (D:10)
  7 water moccasins
  3 floating eyes (WizLab)
  An ice beast (D:8)
  4 black bears
  13 orc warriors
  2 necrophages
  A human zombie (Vaults:2)
  A sky beast (D:6)
  3 black bears (shapeshifter) (WizLab)
  3 ogres
  7 wolves
  5 centaurs
  7 bullfrogs
  3 two-headed ogre simulacra (IceCv)
  2 earth elementals (Volcano)
  A gnoll sergeant (D:9)
  2 cane toad simulacra (IceCv)
  A human skeleton (Vaults:1)
  A scorpion (D:7)
  A water moccasin skeleton (D:4)
  A wyvern skeleton (D:6)
  An elephant simulacrum (IceCv)
  9 killer bees
  8 wights (D:7)
  4 electric eels (D:14)
  11 howler monkeys
  3 centaur zombies
  A bullfrog zombie (D:6)
  3 lava snakes (Lair:6)
  8 orc priests
  2 gnoll shamans
  2 hounds
  A jelly (Lair:5)
  2 iguanas (D:6)
  12 orc wizards
  A hell rat (D:10)
  A polar bear simulacrum (IceCv)
  3 troll simulacra (IceCv)
  A wolf simulacrum (IceCv)
  2 spriggan simulacra (IceCv)
  A hound skeleton (D:4)
  4 mummies (Ossuary)
  3 howler monkey zombies
  19 gnolls
  3 river rats (D:7)
  7 adders
  4 naga simulacra (IceCv)
  A shadow imp (D:5)
  5 white imps
  2 ufetubi
  A worm (D:4)
  2 dart slugs
  38 orcs
  4 bats
  9 endoplasms
  7 giant cockroaches
  6 goblins
  11 hobgoblins
  5 quokkas
  5 ball pythons
  7 frilled lizards
  7 hobgoblin zombies (Ossuary)
  8 kobolds
  4 rats
  3 tentacles (Shoals:1)
858 creatures vanquished.

Vanquished Creatures (collateral kills)
  Vashnia (Snake:2)
  Jorgrun (D:13)
  3 nagarajas
  2 deep elf sorcerers (Elf:3)
  Aizul (Snake:2)
  An orc warlord (Orc:2)
  4 vault wardens (Vaults:4)
  7 ironbound preservers
  A stone giant (Vaults:2)
  2 ironbound thunderhulks (Vaults:1)
  5 very ugly things
  An entropy weaver (Vaults:4)
  6 dire elephants
  2 deep elf death magi
  4 merfolk impalers
  4 merfolk javelineers
  4 yaktaur captains
  A great orb of eyes (D:15)
  A hydra (shapeshifter) (WizLab)
  Harold (D:11)
  9 naga warriors
  A rakshasa (D:15)
  An ironbound frostheart (Vaults:4)
  A salamander tyrant (Snake:2)
  2 hydras
  A boulder beetle (D:13)
  2 vault guards
  6 centaur warriors
  2 anacondas (Snake:4)
  3 catoblepae
  2 two-headed ogres (D:11)
  4 dancing weapons
  2 merfolk aquamancers
  10 naga sharpshooters
  3 death yaks (Lair:4)
  A tengu warrior (D:15)
  3 shock serpents
  An orc high priest (Orc:1)
  A skeletal warrior (D:14)
  2 deep elf knights (Elf:3)
  2 salamander mystics
  9 sea snakes
  A swamp dragon (shapeshifter) (WizLab)
  A kraken simulacrum (Shoals:4)
  5 naga ritualists
  20 deep trolls
  4 deep elf archers
  2 ironbound convokers
  A bog body (IceCv)
  2 wizards (Vaults:4)
  6 deep elf zephyrmancers
  2 orc knights
  6 mana vipers
  2 lindwurms (Vaults:4)
  8 deep elf pyromancers
  15 harpies
  5 cyclopes
  A faun (Shoals:2)
  A faun (shapeshifter) (WizLab)
  2 orc sorcerers (Orc:2)
  6 manticores
  25 ugly things
  A frost giant zombie (Vaults:1)
  8 salamanders
  31 black mambas
  4 merfolk sirens
  5 elephants (Lair:6)
  4 guardian serpents
  3 cane toads
  3 vault sentinels
  2 molten gargoyles (Lair:6)
  13 naga magi
  A cane toad (shapeshifter) (WizLab)
  An efreet (D:14)
  An unseen horror (D:13)
  Psyche (D:11)
  A komodo dragon (shapeshifter) (WizLab)
  9 yaktaurs
  A rime drake (Lair:5)
  An entropy weaver simulacrum (IceCv)
  7 komodo dragons
  A polar bear (Lair:6)
  A queen bee (shapeshifter) (WizLab)
  2 trolls
  A meliai (shapeshifter) (WizLab)
  7 merfolk
  A raiju (Snake:1)
  A wind drake (Shoals:4)
  A hornet (shapeshifter) (WizLab)
  8 slime creatures
  4 blink frogs
  4 snapping turtles
  A wyvern (Lair:6)
  2 wraiths (D:12)
  21 yaks
  10 water elementals
  A shadow (D:13)
  A dire elephant simulacrum (IceCv)
  A large abomination (WizLab)
  A yak (shapeshifter) (WizLab)
  8 basilisks
  A fire elemental (Volcano)
  6 vampire mosquitoes
  An iron golem (WizLab)
  2 wargs (Orc:2)
  30 nagas
  2 hell hounds (Lair:6)
  2 water moccasins
  A floating eye (WizLab)
  12 orc warriors
  2 ogres
  2 wolves
  6 centaurs (D:14)
  A bullfrog (Lair:5)
  7 gnoll sergeants
  2 earth elementals
  3 two-headed ogre simulacra (IceCv)
  4 small abominations (WizLab)
  2 electric eels (D:14)
  2 lava snakes (Lair:6)
  5 orc priests
  2 gnoll shamans (D:6)
  4 orc wizards
  5 troll simulacra (IceCv)
  2 spriggan simulacra (IceCv)
  2 polar bear simulacra (IceCv)
  3 gnolls
  4 naga simulacra (IceCv)
  A white imp (IceCv)
  23 orcs
  3 tentacles
551 creatures vanquished.

Vanquished Creatures (others)
  Asterion (Elf:2)
  A yaktaur captain (Vaults:2)
  2 centaur warriors (Vaults:2)
  3 deep elf archers
  A lindwurm (Vaults:2)
  A bog body (IceCv)
  8 yaktaurs
  A wolf (Lair:5)
  42 knights
  5 ancestors
  A bush (Lair:6)
  A fire vortex (Volcano)
  27 fungi
  171 plants
  46 tentacles
  4 toadstools (D:1)
  2 withered plants (D:4)
317 creatures vanquished.

Grand Total: 1726 creatures vanquished

Notes
Turn   | Place    | Note
-------+----------+-------------------------------------------
     0 | D:1      | buhh the Formicid Hunter began the quest for the Orb.
     0 | D:1      | Reached XP level 1. HP: 16/16 MP: 1/1
    93 | D:1      | Reached XP level 2. HP: 23/23 MP: 2/2
   372 | D:1      | Reached XP level 3. HP: 28/28 MP: 3/3
  1544 | D:2      | Reached XP level 4. HP: 34/34 MP: 4/4
  1549 | D:2      | You fall into a shaft and drop 1 floor!
  1549 | D:3      | Found a radiant altar of Vehumet.
  1640 | D:2      | Found a faded altar of an unknown god.
  2919 | D:4      | Reached skill level 3 in Fighting
  2947 | D:4      | Found a runed translucent door.
  2949 | D:4      | Noticed cruzton's ghost (amateur HuBe)
  3071 | D:4      | Noticed a centaur
  3077 | D:4      | Killed a centaur
  3078 | D:4      | Reached XP level 5. HP: 30/41 MP: 5/5
  3405 | D:4      | Reached XP level 6. HP: 47/48 MP: 6/6
  3413 | D:4      | Found a staircase to the Ecumenical Temple.
  3457 | Temple   | Entered the Ecumenical Temple
  3548 | D:4      | Noticed a black bear
  3776 | D:4      | Identified the +9 dagger "Gichug" {drain, Str+5 Stlth+}
  3826 | D:4      | Killed a black bear
  3827 | D:4      | Reached skill level 4 in Fighting
  3969 | D:4      | Found a shimmering blue altar of Sif Muna.
  3999 | D:5      | Entered Level 5 of the Dungeon
  4144 | D:5      | Reached XP level 7. HP: 53/55 MP: 7/7
  4737 | D:6      | Reached skill level 5 in Fighting
  4795 | D:6      | Found a sand-covered staircase.
  4804 | Ossuary  | Entered an ossuary
  4892 | Ossuary  | Reached XP level 8. HP: 61/64 MP: 8/8
  5000 | D:6      | Reached skill level 6 in Fighting
  6218 | D:7      | Found Xoubuow's Magic Scroll Shoppe.
  6588 | D:7      | Found a hazy altar of Hepliaklqana.
  6715 | D:7      | Reached XP level 9. HP: 71/71 MP: 9/9
  6746 | D:7      | Reached skill level 7 in Fighting
  7369 | D:7      | Found a shimmering altar of Xom.
  8099 | D:8      | Noticed a hornet
  8589 | D:8      | Reached skill level 8 in Fighting
  8705 | D:8      | Reached XP level 10. HP: 79/81 MP: 10/10
  8817 | D:8      | Reached skill level 9 in Fighting
  8921 | D:8      | Found an ancient bone altar of Kikubaaqudgha.
  9730 | D:9      | Noticed a wizard
  9932 | D:9      | Killed a wizard
  9942 | D:9      | Reached skill level 10 in Fighting
 11164 | D:9      | Found an opulent altar of Gozag.
 11165 | D:9      | Found Gozag's Platinum Reserve.
 11254 | D:10     | Entered Level 10 of the Dungeon
 11254 | D:10     | Noticed a death yak
 11467 | D:10     | Noticed a two-headed ogre
 11477 | D:9      | Killed a two-headed ogre
 11478 | D:9      | Reached XP level 11. HP: 86/92 MP: 11/11
 11714 | D:10     | Reached skill level 11 in Fighting
 12039 | D:10     | Found a staircase to the Lair.
 12043 | D:10     | Noticed a death yak
 12044 | D:10     | Noticed a death yak
 12073 | D:10     | Killed a death yak
 12074 | D:10     | Reached skill level 11 in Crossbows
 12086 | D:10     | Killed a death yak
 12096 | D:10     | Killed a death yak
 13358 | D:7      | Became a worshipper of Hepliaklqana the Forgotten
 13542 | Lair:1   | Entered Level 1 of the Lair of Beasts
 13549 | Lair:1   | Reached skill level 12 in Fighting
 13900 | Lair:1   | You fall into a shaft and drop 1 floor!
 13985 | Lair:2   | Found a staircase to the Snake Pit.
 14787 | Lair:2   | Reached * piety under Hepliaklqana
 14790 | Lair:2   | Reached XP level 12. HP: 92/92 MP: 12/12
 14964 | Lair:2   | Reached skill level 13 in Fighting
 15591 | Lair:3   | Noticed a five-headed hydra
 15591 | Lair:3   | Noticed a four-headed hydra
 15654 | Lair:3   | Found a dark tunnel.
 15659 | Volcano  | Entered a volcano
 16535 | Volcano  | Reached skill level 11 in Armour
 16611 | Volcano  | Identified the +0 pair of gloves of Dishonesty {Int-3 Dex+3
                  | Stlth+}
 16981 | Lair:3   | Killed a five-headed hydra
 17081 | Lair:3   | Killed a four-headed hydra
 17236 | Lair:3   | Noticed a catoblepas
 17252 | Lair:3   | Killed a catoblepas
 17446 | Lair:3   | Reached XP level 13. HP: 90/99 MP: 13/13
 17536 | Lair:3   | Noticed a five-headed hydra
 17542 | Lair:3   | Killed a five-headed hydra
 17585 | Lair:3   | Noticed a seven-headed hydra
 17613 | Lair:3   | Killed a seven-headed hydra
 17731 | Lair:3   | Reached ** piety under Hepliaklqana
 17732 | Lair:3   | Remembered your ancestor Kaladin as a knight
 18296 | Lair:4   | Noticed a five-headed hydra
 18315 | Lair:4   | Killed a five-headed hydra
 18449 | Lair:4   | Found a frozen archway.
 18460 | IceCv    | Entered an ice cave
 19131 | IceCv    | Found the +4 skin of Zhor {*Englaciate rC+++ SInv}
 19605 | IceCv    | Identified the +1 cloak of Polish {*Slow Will+ Dex+4 SInv}
 20005 | IceCv    | HP: 2/99 [entropy weaver simulacrum (4)]
 20957 | Lair:4   | Noticed a seven-headed hydra
 20962 | Lair:4   | Killed a seven-headed hydra
 21027 | Lair:4   | Found a staircase to the Shoals.
 21117 | Lair:4   | Reached *** piety under Hepliaklqana
 21366 | Lair:5   | Found a staircase to the Slime Pits.
 21396 | Lair:5   | Reached skill level 15 in Crossbows
 21396 | Lair:5   | Reached XP level 14. HP: 84/106 MP: 14/14
 22908 | Lair:6   | Entered Level 6 of the Lair of Beasts
 23666 | D:11     | Noticed Harold
 23676 | D:11     | Killed Harold
 23981 | D:11     | Noticed Psyche
 23996 | D:11     | Killed Psyche
 24487 | D:11     | Reached **** piety under Hepliaklqana
 25153 | D:12     | Found a staircase to the Orcish Mines.
 25474 | D:12     | Noticed Nergalle
 25492 | D:12     | Killed Nergalle
 25790 | Orc:1    | Entered Level 1 of the Orcish Mines
 26171 | D:7      | Bought a scroll of amnesia for 42 gold pieces
 26171 | D:7      | Bought a scroll of silence for 90 gold pieces
 26171 | D:7      | Bought a scroll of amnesia for 42 gold pieces
 26171 | D:7      | Bought a scroll of identify for 24 gold pieces
 26171 | D:7      | Bought a scroll of magic mapping for 42 gold pieces
 26171 | D:7      | Bought a scroll of immolation for 42 gold pieces
 26543 | Orc:2    | Entered Level 2 of the Orcish Mines
 26717 | Orc:2    | Found a staircase to the Elven Halls.
 27791 | Orc:2    | Noticed an orc warlord
 27828 | Orc:1    | Found Biakk's Assorted Antiques.
 27965 | Orc:2    | Killed an orc warlord
 27966 | Orc:2    | Reached XP level 15. HP: 64/110 MP: 17/19
 28161 | Orc:2    | Found Caesit's Antique Armour Emporium.
 28381 | Orc:2    | Reached ***** piety under Hepliaklqana
 28567 | Orc:2    | Found Juir's Antique Weapon Emporium.
 28582 | Orc:2    | Found Hugohu's Jewellery Emporium.
 28612 | Orc:2    | Found Mestyppa's General Store.
 28619 | Orc:2    | Bought a scroll of immolation for 49 gold pieces
 28800 | Orc:1    | Bought a runed fluorescent wand for 108 gold pieces
 28800 | Orc:1    | Bought a dented bone amulet for 135 gold pieces
 30103 | Lair:6   | Learned a level 1 spell: Sting
 31291 | Lair:6   | Found a large runed translucent door.
 31291 | Lair:6   | Found a large runed translucent door.
 31905 | D:12     | Noticed Josephine
 32424 | D:13     | Noticed Jorgrun
 32433 | D:13     | Killed Jorgrun
 33871 | D:14     | Found a gate to the Vaults.
 33871 | D:14     | Noticed an ironbound preserver
 34096 | D:14     | Reached XP level 16. HP: 55/117 MP: 23/23
 34514 | D:14     | Identified Roxanne's Incunabulum of Transmigration
 34514 | D:14     | Noticed Roxanne
 35217 | D:15     | Entered Level 15 of the Dungeon
 35237 | D:15     | Found a bloodstained altar of Trog.
 36091 | Snake:1  | Entered Level 1 of the Snake Pit
 38133 | Snake:1  | Learned a level 5 spell: Borgnjor's Vile Clutch
 38948 | Snake:2  | Found Diotas's Mass Market.
 39407 | Snake:2  | Found Denuj's Distillery.
 39411 | Snake:2  | Bought a potion of heal wounds for 65 gold pieces
 39411 | Snake:2  | Bought a potion of heal wounds for 65 gold pieces
 39411 | Snake:2  | Bought a potion of might for 52 gold pieces
 39411 | Snake:2  | Bought a potion of curing for 39 gold pieces
 39772 | Snake:2  | Noticed a nagaraja
 39772 | Snake:2  | Noticed a nagaraja
 40363 | Snake:1  | Identified the +4 quarterstaff of Wyrd {venom, rPois Str-5
                  | Dex+6}
 40410 | Snake:1  | Reached skill level 11 in Earth Magic
 41323 | Snake:2  | Noticed a nagaraja
 41470 | Snake:2  | Noticed a nagaraja
 41965 | Snake:2  | Killed a nagaraja
 42025 | Snake:2  | Killed a nagaraja
 42079 | Snake:2  | Killed a nagaraja
 42080 | Snake:2  | Reached XP level 17. HP: 122/122 MP: 24/24
 42110 | Snake:2  | Noticed Aizul
 42297 | Snake:2  | Killed Aizul
 42306 | Snake:2  | HP: 6/122 [poisoned by Aizul (bolt of poison)]
 42311 | Snake:2  | HP: 3/122 [poisoned by Aizul (bolt of poison)]
 43171 | Snake:2  | Found Zohumihil's Distillery.
 43205 | Snake:2  | Bought 2 potions of heal wounds for 160 gold pieces
 43205 | Snake:2  | Bought a potion of resistance for 160 gold pieces
 43205 | Snake:2  | Bought a potion of curing for 48 gold pieces
 43205 | Snake:2  | Bought a potion of mutation for 128 gold pieces
 43205 | Snake:2  | Bought a potion of curing for 48 gold pieces
 43205 | Snake:2  | Bought a potion of curing for 48 gold pieces
 43205 | Snake:2  | Bought a potion of curing for 48 gold pieces
 43491 | Snake:3  | Noticed Bai Suzhen
 43675 | Snake:4  | Entered Level 4 of the Snake Pit
 44481 | Snake:3  | Noticed Saint Roka
 45147 | Snake:3  | Killed Saint Roka
 46944 | Snake:3  | Noticed Vashnia
 47426 | Shoals:1 | Entered Level 1 of the Shoals
 48516 | Lair:6   | Identified the ring of the Final Decision {rPois rCorr
                  | Dex+3 SInv}
 49006 | Snake:4  | Reached skill level 11 in Necromancy
 50417 | Snake:4  | Reached XP level 18. HP: 69/128 MP: 25/25
 51494 | Snake:4  | Got a serpentine rune of Zot
 51813 | Vaults:1 | Entered Level 1 of the Vaults
 51814 | Vaults:1 | Identified the ring of Pyreoh Keze {Contam Drain +Blink
                  | AC+4 Str+9}
 51940 | Vaults:1 | HP: 6/128 [vault warden/+2 war axe of electrocution (28)]
 53197 | Shoals:1 | Identified a scroll of acquirement
 53202 | Shoals:1 | Acquired the amulet of Zybasezi {Regen+ Dex+3}
 53497 | Shoals:1 | HP: 3/128 [alligator snapping turtle (25)]
 53882 | Shoals:1 | Identified the +0 robe "Ysiumime" {Rampage}
 54088 | Shoals:1 | Noticed a kraken
 54295 | Shoals:1 | Noticed a kraken
 54805 | Shoals:2 | Noticed Polyphemus
 54816 | Shoals:2 | Killed Polyphemus
 55976 | Shoals:1 | Killed a kraken
 56445 | Shoals:3 | Reached skill level 15 in Earth Magic
 56623 | Shoals:3 | Reached XP level 19. HP: 134/134 MP: 26/26
 57034 | Shoals:4 | Entered Level 4 of the Shoals
 57193 | Shoals:4 | Identified the +2 robe of Meager Miracles {Contam rElec rF+
                  | Str+7}
 57214 | Shoals:4 | Identified the +1 scale mail of the Storm King {Harm rElec
                  | Str-2 Stlth+}
 57251 | Shoals:4 | Found Laevviweat's Book Shop.
 57771 | Shoals:4 | Reached skill level 15 in Necromancy
 60146 | Shoals:4 | Got a barnacled rune of Zot
 60394 | Snake:3  | Killed Bai Suzhen
 60590 | Snake:3  | Found Jyllifetae's Jewellery Shop.
 62194 | Snake:2  | Killed Vashnia
 62793 | D:6      | Found the +8 woodcutter's axe {vorpal}
 63348 | Vaults:1 | Identified the +4 hunting sling "Ogrebane" {flame, Dex+5}
 64389 | Vaults:1 | Reached XP level 20. HP: 140/140 MP: 27/27
 64410 | Vaults:1 | Reached skill level 18 in Crossbows
 64771 | Vaults:1 | Identified the +2 robe of Xom's Vengeance {rPois Str-4
                  | Slay+3 SInv}
 65069 | Vaults:2 | Reached skill level 14 in Fighting
 65339 | Vaults:2 | Acquired a +0 crystal plate armour
 65407 | Vaults:2 | Reached skill level 15 in Fighting
 66262 | Vaults:2 | Reached skill level 16 in Fighting
 66803 | Vaults:2 | Found a staircase to the Crypt.
 67001 | Vaults:3 | Reached skill level 17 in Fighting
 67164 | Vaults:3 | Reached XP level 21. HP: 118/157 MP: 28/28
 68162 | Vaults:3 | Reached skill level 18 in Fighting
 68952 | Vaults:3 | Identified the +1 pair of gloves of Regynome {rF+}
 68987 | Vaults:4 | Found Fevarask's Weapon Boutique.
 68995 | Vaults:4 | Bought the +6 hand crossbow "Pucre" {speed, +Blink rF+
                  | Str-3} for 552 gold pieces
 69286 | Vaults:4 | Reached skill level 19 in Fighting
 69938 | Vaults:4 | Found a runed translucent gate.
 69938 | Vaults:4 | Found a runed translucent gate.
 69938 | Vaults:4 | Found a runed translucent gate.
 69938 | Vaults:4 | Found an opulent altar of Gozag.
 70374 | Vaults:4 | Reached skill level 20 in Fighting
 71466 | Vaults:4 | Found a portal to a secret trove of treasure.
 71531 | Vaults:4 | Noticed Ukiefoc's ghost (adept DrFE)
 71890 | D:15     | Found a transporter.
 71906 | D:15     | Found a transporter.
 71906 | D:15     | Noticed Valamore's ghost (adept DECj)
 72059 | D:15     | Acquired the ring of Nullaply {rElec AC+4 Str+3}
 72519 | D:15     | Reached XP level 22. HP: 102/171 MP: 29/29
 72746 | D:15     | Found a staircase to the Depths.
 72906 | D:13     | Learned a level 6 spell: Statue Form
 72996 | D:12     | Killed Josephine
 73087 | Elf:1    | Entered Level 1 of the Elven Halls
 73302 | Elf:1    | Found a magical portal.
 73311 | WizLab   | Entered Cigotuvi's Fleshworks
 74186 | WizLab   | Identified the ring "Juxyfal" {rElec rN+ rCorr Str+2 Dex+6}
 74307 | WizLab   | Got Cigotuvi's Collected Works on Transmutation
 75054 | WizLab   | Reached skill level 11 in Transmutations
 76259 | Elf:1    | Got the Reference Book on Calling
 76358 | Elf:1    | Found Ihaos's Jewellery Shoppe.
 76663 | Elf:2    | Found Itutt's Weapon Shop.
 76760 | Elf:2    | Noticed Asterion
 76767 | Elf:2    | Killed Asterion
 76878 | Elf:2    | Found an ancient bone altar of Kikubaaqudgha.
 77270 | Elf:2    | Identified the -3 buckler of Wolezuff {Harm}
 77398 | Elf:2    | Found a huge runed translucent gate.
 77398 | Elf:2    | Found a huge runed translucent gate.
 77398 | Elf:2    | Found a huge runed translucent gate.
 77398 | Elf:2    | Found a huge runed translucent gate.
 77398 | Elf:2    | Found a huge runed translucent gate.
 77759 | Elf:3    | Entered Level 3 of the Elven Halls
 77878 | Elf:3    | Found a radiant altar of Vehumet.
 78878 | Elf:3    | HP: 2/171 [deep elf sorcerer/bolt of acid (14)]
 78883 | Elf:3    | Killed from afar by a deep elf sorcerer

Illustrated notes

Levels and vault maps discovered:
D:1:      ldierk_walled_garden_2, layout_loops_ring, minmay_vboxes
D:2:      layout_rooms, chequers_ecumenical_altar_grove, minmay_pentomino_u4
D:3:      layout_basic, nicolae_vehumet_altar_sigil
D:4:      layout_basic, lemuel_blue_sif_altar, minmay_temple_entry_glass,
          gammafunk_ghost_grave, kennysheep_generic_room_14
D:5:      layout_basic
D:6:      layout_basic, nicolae_ossuary_entry_ruins,
          chequers_serial_rivers_micro_c, amcnicky_mini_pool_small,
          pf_guarded_unrand_woodcutter
D:7:      wad_woods_settlement, layout_basic, kennysheep_little_box,
          general_overflow_altar, nicolae_take_the_stairs, minivault_5
D:8:      cheibrodos_steamvent, layout_rooms,
          nicolae_kikubaaqudgha_miasma_corner, minmay_alternating_orb
D:9:      layout_basic, nicolae_gozag_zags_fifth_avenue,
          nicolae_concentric_dashed_squares_mild
D:10:     layout_layer_cave, dpeg_lair_monsters, lemuel_flame_loot_1
D:11:     layout_basic, lemuel_flamethrower_hall, uniq_psyche, uniq_harold
D:12:     layout_cave_pods, hiddenorc2_lemuel, uniq_nergalle, uniq_josephine
D:13:     layout_roguey, uniq_jorgrun
D:14:     layout_basic, skrybe_vaults_entry_preservation,
          chequers_serial_rivers_room_a, kennysheep_small_circle, uniq_roxanne
D:15:     gammafunk_enter_depths_forms, layout_basic, trog_three_pillars_becter,
          gammafunk_ghost_arena
Temple:   nicolae_temple_x_marks_the_god
Lair:1:   layout_misc_corridors, grunt_megastairs_3
Lair:2:   layout_roguey, guppyfry_snake_entry_garden, fungi_pond_lemuel
Lair:3:   layout_chaotic_city, enter_volcano_4, grunt_megastairs_4
Lair:4:   layout_cave_pods, shoals_dummy_entry, portal_ice_cave_entry_pillars_1
Lair:5:   layout_loops_ring, nicolae_slime_entry_slimehenge
Lair:6:   cheibrodos_lair_end_hotspot, layout_loops_ring
Shoals:1: cheibrodos_shoals_epimethial_gifts, layout_shoals,
          nicolae_shoals_seven_spires
Shoals:2: layout_shoals, uniq_polyphemus
Shoals:3: argonaut_golden_fleece, layout_shoals, nzn_prometheus_bound
Shoals:4: shoals_end_grunt_ice, layout_shoals, serial_shops,
          nicolae_shop_hallway_plus
Snake:1:  layout_onion, beargit_elvish_explorers
Snake:2:  nicolae_aizul_guard, layout_honeycomb, serial_shops,
          nicolae_shop_window_shopping, shop, minmay_shop_mass
Snake:3:  layout_onion_interference, serial_shops, nicolae_lakefront_shop,
          minmay_shop_grove, uniq_vashnia, uniq_saint_roka, uniq_bai_suzhen
Snake:4:  snake_pit, layout_cave_town
Orc:1:    layout_caves, serial_shops, shop
Orc:2:    grunt_orc_cross, layout_caves
Elf:1:    eino_elf_arrival_customs, layout_geoelf_grid, serial_shops, shop,
          mu_enter_wizlab_5, minmay_elf_demonology
Elf:2:    elven_hall_of_blades_hangedman_alternative
          [nooodl_blade_entry_preview], layout_geoelf_diagonals, serial_shops,
          shop, basic_altar, patterned_corridor, uniq_asterion
Elf:3:    minmay_elf_hall, layout_gridlike, serial_glass, glass_columns_a,
          glass_columns_c, basic_altar
Vaults:1: vaults_room_corners, nicolae_vaults_ninety_degrees, vaults_dpeg_cross,
          vaults_room_hangedman_quadrants, nicolae_vaults_network_s,
          v_pattern_5, v_misc_11, v_misc_23, vaults_standard_mumra_lines,
          v_misc_25, v_misc_25, v_alt_pattern_3, layout_vaults_ring
Vaults:2: hangedman_vaults_slither, minmay_crypt_entry_simple_sparse,
          nicolae_vaults_murderbox, v_alt_pattern_5, v_misc_16, v_misc_8,
          hangedman_vaults_slice, grunt_vaults_hallway_long, v_misc_8,
          v_misc_30, vaults_dpeg_encased_lava, vaults_room_octagon, v_misc_26,
          nicolae_vaults_alarming, nicolae_vaults_little_squares_3,
          nicolae_vaults_asterisk, layout_vaults_omnicross
Vaults:3: hangedman_vaults_stream, vaults_room_hallway, v_alt_pattern_3,
          nicolae_vaults_asterisk, v_misc_8, hangedman_vaults_corner,
          ontoclasm_vaults_bender, nicolae_vaults_diagonal_hallway_8,
          ontoclasm_vaults_decontamination, vaults_standard_mumra_x, v_misc_19,
          nicolae_vaults_three_branches, layout_vaults_omnibox
Vaults:4: ebering_ghost_gozag, v_alt_pattern_4,
          nicolae_vaults_windows_and_doors_thing, nicolae_vaults_network_square,
          vaults_mumra_hex, layout_vaults_omnigrid, nicolae_trove_entry_columns,
          serial_shops, nicolae_shop_bloodbath_and_beyond

Skill      XL: |  1  2  3  4  5  6  7  8  9 10 11 12 13 14 15 16 17 18 19 20 21 22 |
---------------+-------------------------------------------------------------------+-----
Dodging        | 2 |  2.0
Poison Magic   | 1 2 3 |  3.0
Stealth        | 2 3 4 |  4.0
Fighting       | 3 4 5 6 8 10 12 13 17 20 | 20.0
Crossbows      | 5 6 7 8 10 12 15 16 17 18 19 | 19.1
Armour         | 4 7 13 14 | 14.0
Shields        | 9 10 | 10.0
Transmutations | 3 7 14 | 14.1
Spellcasting   | 2 5 |  5.0
Invocations    | 6 |  6.0
Evocations     | 6 |  6.2
Earth Magic    | 11 15 | 15.0
Necromancy     | 5 12 14 16 | 16.0
Unarmed Combat | |  0.3

Action                   |  1- 3 |  4- 6 |  7- 9 | 10-12 | 13-15 | 16-18 | 19-21 | 22-24 || total
-------------------------+-------+-------+-------+-------+-------+-------+-------+-------++-------
Melee: Short sword       |    90 |     7 |       |       |       |       |       |       ||    97
       Dagger            |       |    42 |   143 |   306 |   736 |   188 |       |       ||  1415
       Punch             |       |     1 |     3 |     1 |    10 |     1 |       |       ||    16
 Fire: Hand crossbow     |    44 |    43 |    90 |   169 |    98 |   482 |   517 |   580 ||  2023
       Arbalest          |       |       |       |       |       |       |   516 |       ||   516
Throw: Boomerang         |       |       |     6 |    12 |       |       |       |       ||    18
 Cast: Sting             |       |       |       |       |    41 |       |       |       ||    41
       Borgnjor's Vile C |       |       |       |       |       |    33 |    80 |    10 ||   123
       Statue Form       |       |       |       |       |       |       |       |     6 ||     6
Invok: Ancestor Identity |       |       |       |     1 |       |       |       |       ||     1
       Ancestor Life: Kn |       |       |       |       |     1 |       |       |       ||     1
       Idealise          |       |       |       |       |       |    15 |     5 |     4 ||    24
       Recall Ancestor   |       |       |       |       |       |    11 |     4 |     3 ||    18
       Transference      |       |       |       |       |       |     6 |     2 |       ||     8
 Abil: Dig               |       |       |       |       |       |     4 |     2 |     5 ||    11
Evoke: Wand              |       |       |       |     5 |     6 |     1 |       |       ||    12
       Phial of floods   |       |       |       |     1 |     3 |     2 |     2 |       ||     8
       Phantom mirror    |       |       |       |       |     3 |     3 |     2 |       ||     8
       Box of beasts     |       |       |       |       |     1 |     2 |     2 |       ||     5
  Use: Scroll            |     3 |     3 |    13 |     9 |     7 |     7 |     6 |     7 ||    55
       Potion            |       |       |       |     5 |     9 |    14 |     6 |     3 ||    37
 Stab: Sleeping          |     2 |       |       |     3 |    18 |     2 |       |       ||    25
       Distracted        |       |       |       |     1 |    10 |     4 |       |       ||    15
       Petrified         |       |       |       |     1 |       |       |       |       ||     1
Armor: Leather armour    |    30 |       |       |       |       |       |       |       ||    30
       Pearl dragon scal |       |    22 |   102 |   185 |    41 |   142 |       |       ||   492
       Animal skin       |       |       |       |       |   237 |    57 |    54 |    17 ||   365
Dodge: Dodged            |    83 |    35 |    84 |   170 |   383 |   296 |    98 |    42 ||  1191
Block: Other             |       |       |       |     9 |    94 |       |    45 |     8 ||   156
       Buckler           |       |       |       |       |   206 |    58 |       |       ||   264
       Reflection        |       |       |       |       |     5 |       |    15 |       ||    20
       Kite shield       |       |       |       |       |       |   187 |       |       ||   187
